 Dungeon Crawl Stone Soup version 0.30-a0-949-g53dc5368d7 (webtiles) character file.

Game seed: 15103301964829702274

5912 bmack86 the Cleaver (level 10, -3/90 HPs)
             Began as a Minotaur Fighter on Mar 28, 2023.
             Slain by a slime creature (8 damage)
             ... on level 9 of the Dungeon.
             The game lasted 00:23:47 (6476 turns).

bmack86 the Cleaver (Minotaur Fighter)              Turns: 6476, Time: 00:23:48

Health: -3/90      AC: 25    Str: 25    XL:     10   Next: 53%
Magic:  9/9        EV:  7    Int:  5    God:
Gold:   367        SH: 11    Dex: 10    Spells: 9/9 levels left

rFire   . . .      SeeInvis .    A - +1 war axe (flame)
rCold   + + .      Faith    .    t - +1 kite shield {rC+}
rNeg    . . .      Spirit   .    u - +4 chain mail {rC+}
rPois   +          Reflect  .    (helmet restricted)
rElec   .          Rampage  .    w - +2 cloak
rCorr   .                        q - +2 pair of gloves
Will    .....                    (no boots) Stlth
                                 k - amulet of regeneration
HPRegen 1.15/turn                b - ring of poison resistance
MPRegen 0.11/turn                F - +4 ring of protection

@: no status effects
A: horns 2, retaliatory headbutt
a: no special abilities


You were on level 9 of the Dungeon.
You visited 2 branches of the dungeon, and saw 10 of its levels.

You collected 517 gold pieces.
You spent 150 gold pieces at shops.

Inventory:

Hand Weapons
 a - a +0 war axe
 A - a +1 war axe of flaming (weapon)
Missiles
 e - 33 poisoned darts (quivered)
 h - 12 boomerangs
 M - 2 throwing nets
Armour
 j - a +0 plate armour
 q - a +2 pair of gloves (worn)
 t - a +1 kite shield of cold resistance (worn)
 u - a +4 chain mail of cold resistance (worn)
 w - a +2 cloak (worn)
 J - a scarf of repulsion
Jewellery
 b - a ring of poison resistance (left hand)
 g - a ring of ice
 i - an amulet of the acrobat
 k - an amulet of regeneration (around neck)
 m - a ring of resist corrosion
 E - a ring of protection from fire
 F - a +4 ring of protection (right hand)
 I - a ring of protection from cold
 O - an amulet of reflection
Wands
 n - a wand of polymorph (17)
 o - a wand of flame (18)
 y - a wand of mindburst (23)
Scrolls
 l - 2 scrolls of immolation
 r - a scroll of vulnerability
 s - a scroll of amnesia
 B - 3 scrolls of summoning
 C - a scroll of noise
 H - a scroll of fear
 P - a scroll of brand weapon {unknown}
Potions
 c - a potion of mutation
 d - a potion of might
 f - a potion of heal wounds
 p - 4 potions of curing
 v - a potion of berserk rage
 x - a potion of haste
 z - a potion of lignification
 D - a potion of flight
 G - a potion of attraction
 K - 2 potions of invisibility
 L - a potion of cancellation


   Skills:
 + Level 8.5 Fighting
 * Level 11.4 Axes
 + Level 6.3 Throwing
 + Level 8.5 Armour
 + Level 8.6 Shields


You had 9 spell levels left.
You didn't know any spells.
Your spell library contained the following spells:

 Spells                   Type           Power      Damage    Failure   Level
 Lesser Beckoning         Tloc           0%         N/A       100%        2
 Gell's Gravitas          Tloc           0%         N/A       100%        3
 Kindle Blastsparks       Fire/Tloc/Air  0%         2d10      100%        3
 Portal Projectile        Hex/Tloc       0%         N/A       100%        3
 Teleport Other           Tloc           0%         N/A       100%        3
 Tukima's Dance           Hex            0%         N/A       100%        3
 Fulminant Prism          Conj/Hex       0%         3d5       100%        4
 Iskenderun's Mystic Bla  Conj/Tloc      0%         2d3       100%        4
 Summon Lightning Spire   Summ/Air       0%         N/A       100%        4
 Blade Hands              Tmut           0%         N/A       100%        5
 Lee's Rapid Deconstruct  Erth           0%         3d4*      100%        5
 Storm Form               Tmut/Air       0%         N/A       100%        7
 Maxwell's Capacitive Co  Air            0%         ∞         100%        8


Dungeon Overview and Level Annotations

Branches:
Dungeon (9/15)             Temple (1/1) D:4             Orc (0/2) D:9
   Lair: D:8-11

Altars:
Ashenzari
Cheibriados
Dithmenos
Elyvilon
Fedhas
Gozag
Hepliaklqana
Kikubaaqudgha
Makhleb
Nemelex Xobeh
Qazlal
Ru
Sif Muna
Trog
Uskayaw
Vehumet
Wu Jian
Xom
Yredelemnul
Zin
The Shining One

Shops:
D:1 [   D:9 [(

Annotations:
D:7 1 runed translucent door


Innate Abilities, Weirdness & Mutations

You have a pair of horns on your head.
You reflexively headbutt those who attack you in melee.


Message History

The wight hits you but does no damage.
The killer bee stings you but does no damage.
You hit the slime creature. You burn the slime creature.
The slime creature is heavily wounded.
You barely miss the slime creature. You hit the very large slime creature.
You burn the very large slime creature. You barely miss the killer bee.
You block the wight's attack. You block the slime creature's attack.
The slime creature hits you but does no damage.
The killer bee stings you but does no damage.
You slice the slime creature!! You burn the slime creature!
You kill the slime creature!
You hit the wight. You burn the wight. You hit the slime creature.
You burn the slime creature. You closely miss the killer bee.
You hit the very large slime creature. You burn the very large slime creature.
You block the killer bee's attack. The wight hits you but does no damage.
You block the wight's attack.
A very large slime creature splits.
You block the slime creature's attack.
The killer bee stings you but does no damage.
Your life force feels restored.
You barely miss the slime creature.
The slime creature is moderately wounded.
You completely miss the wight. You hit the slime creature.
You burn the slime creature. You slash the killer bee! You burn the killer bee.
You kill the killer bee!
You slash the large slime creature! You burn the large slime creature.
You block the wight's attack.
The slime creature hits you but does no damage.
The large slime creature hits you! The wight hits you but does no damage.
The slime creature hits you but does no damage.
The large slime creature hits you!!
* * * LOW HITPOINT WARNING * * *
You block the wight's attack. The wight hits you but does no damage.
The slime creature hits you but does no damage.
You slice the slime creature!! You burn the slime creature!
You headbutt the slime creature!
The slime creature is almost dead.
You slash the wight! You burn the wight. You hit the slime creature.
You burn the slime creature. You hit the large slime creature.
You burn the large slime creature. The slime creature hits you!
You die...

.........# ........#
#.......# #.......#
#.......+ #...yz..#
#..JzJ..# #.zJ@...+
####'####
#######.......#
#.....#.......#
#.....'.......#
#.....#.......#
#.....#.......#
#.....#.......########
#>....#.......#......#


You could see a large slime creature, 2 slime creatures, a killer bee and 3
wights.

Vanquished Creatures
  A two-headed ogre (D:9)
  Pikel (D:7)
  A slime creature (D:9)
  2 wyverns
  Eustachio (D:5)
  5 yaks (D:8)
  2 steam dragons
  2 water moccasins (D:8)
  3 orc warriors
  4 ice beasts
  2 black bears (D:6)
  A phantom (D:7)
  4 lemures (D:7)
  5 bullfrogs
  Blork the orc (D:5)
  A gnoll sergeant (D:8)
  A scorpion (D:7)
  5 wights (D:7)
  11 killer bees
  2 howler monkeys
  3 hounds
  A gnoll bouda (D:7)
  An orc priest (D:8)
  2 jellies (D:6)
  A sleepcap (D:6)
  Crazy Yiuf (D:7)
  Ijyb (D:5)
  3 iguanas
  8 orc wizards
  Robin (D:2)
  7 gnolls
  9 adders
  A shadow imp (D:7)
  2 white imps
  2 ufetubi
  A worm (D:2)
  3 dart slugs
  38 orcs
  8 ball pythons
  2 bats
  11 endoplasms
  A giant cockroach (D:3)
  16 goblins
  12 hobgoblins
  4 quokkas
  A frilled lizard (D:1)
  8 kobolds
  11 rats
214 creatures vanquished.

Vanquished Creatures (others)
  2 fungi (D:7)
2 creatures vanquished.

Grand Total: 216 creatures vanquished

Notes
Turn   | Place    | Note
-------+----------+-------------------------------------------
     0 | D:1      | bmack86 the Minotaur Fighter began the quest for the Orb.
     0 | D:1      | Reached XP level 1. HP: 19/19 MP: 0/0
   162 | D:1      | Reached XP level 2. HP: 27/27 MP: 1/1
   318 | D:1      | Reached skill level 3 in Axes
   367 | D:1      | Found Ywoaghad's Antique Armour Shoppe.
   652 | D:1      | Reached XP level 3. HP: 33/33 MP: 2/2
  1318 | D:2      | Reached skill level 1 in Throwing
  1361 | D:2      | Noticed Robin
  1368 | D:2      | Killed Robin
  1473 | D:2      | Reached XP level 4. HP: 40/40 MP: 3/3
  1677 | D:3      | Reached skill level 4 in Axes
  1688 | D:3      | Reached XP level 5. HP: 42/46 MP: 4/4
  1901 | D:3      | Identified the +4 ring mail "Cetheomu" {SInv}
  2403 | D:1      | Bought a shiny kite shield for 150 gold pieces
  2578 | D:4      | Found a staircase to the Ecumenical Temple.
  2584 | Temple   | Entered the Ecumenical Temple
  2872 | D:4      | Found a glowing silver altar of Zin.
  2949 | D:4      | Reached XP level 6. HP: 53/53 MP: 5/5
  3078 | D:4      | Reached skill level 5 in Axes
  3285 | D:5      | Entered Level 5 of the Dungeon
  3391 | D:5      | Found a sparkling altar of Nemelex Xobeh.
  3410 | D:5      | Noticed Ijyb
  3422 | D:5      | Noticed a steam dragon
  3425 | D:5      | Killed Ijyb
  3426 | D:5      | Reached skill level 5 in Shields
  3442 | D:5      | Killed a steam dragon
  3443 | D:5      | Reached skill level 5 in Fighting
  3443 | D:5      | Reached skill level 5 in Armour
  3443 | D:5      | Reached XP level 7. HP: 55/61 MP: 6/6
  3469 | D:5      | Noticed Blork the orc
  3478 | D:5      | Killed Blork the orc
  3518 | D:5      | Found a radiant altar of Vehumet.
  3526 | D:5      | Noticed Eustachio
  3539 | D:5      | Reached skill level 6 in Axes
  3548 | D:5      | Killed Eustachio
  4107 | D:6      | Reached skill level 7 in Axes
  4107 | D:6      | Reached XP level 8. HP: 54/70 MP: 7/7
  4550 | D:7      | Reached skill level 8 in Axes
  4567 | D:7      | Noticed Pikel
  4568 | D:7      | Identified the +4 scale mail of Elyvilon's Delight {-Tele
                  | rPois Int+4}
  4601 | D:7      | Killed Pikel
  4602 | D:7      | Reached XP level 9. HP: 54/78 MP: 8/8
  4649 | D:7      | Found a blossoming altar of Fedhas.
  4694 | D:7      | Reached skill level 9 in Axes
  4776 | D:7      | Found a runed translucent door.
  4776 | D:7      | Noticed Crazy Yiuf
  4782 | D:7      | Killed Crazy Yiuf
  4962 | D:7      | Reached skill level 5 in Throwing
  4970 | D:7      | Found a runed translucent door.
  4970 | D:7      | Noticed a sixfirhy
  5012 | D:7      | Found a sacrificial altar of Ru.
  5418 | D:8      | Reached skill level 10 in Axes
  5514 | D:8      | Reached XP level 10. HP: 76/88 MP: 9/9
  6022 | D:8      | Found a bloodstained altar of Trog.
  6193 | D:9      | Reached skill level 11 in Axes
  6287 | D:9      | Noticed a two-headed ogre
  6294 | D:9      | Killed a two-headed ogre
  6349 | D:9      | Found Biproive's Weapon Boutique.
  6351 | D:9      | Found a staircase to the Orcish Mines.
  6368 | D:9      | Found Vomasaocs's Armour Boutique.
  6475 | D:9      | HP: 4/90 [large slime creature (30)]
  6476 | D:9      | Slain by a slime creature

Illustrated notes

Levels and vault maps discovered:
D:1:      scummos_arrival_gate, layout_loops_corners, serial_shops,
          nicolae_shop_behind_doors
D:2:      layout_loops_ring, uniq_robin
D:3:      layout_basic, amcnicky_mini_corridor_feature, st_stairs_9,
          chequers_serial_rivers_room_b, hangedman_decor_growths
D:4:      layout_cave_pools, lemuel_tele_altar, minmay_temple_entry_fiery
D:5:      layout_basic, lemuel_doored_altar,
          mainiacjoe_overflow_surrounded_room, kennysheep_small_spiral,
          uniq_blork_the_orc, uniq_eustachio, uniq_ijyb
D:6:      layout_cave_pools
D:7:      cheibrodos_shockbox, layout_loops_ring,
          mainiacjoe_overflow_cross_hatched, fedhas_ov_isle_minmay, uniq_pikel,
          uniq_crazy_yiuf_cottage
D:8:      layout_loops_ring, trog_hazing_becter
D:9:      layout_grid_maze, orc_david_3, nicolae_eternal_life, uniq_amaemon
Temple:   nicolae_temple_bog_church

Skill      XL: |  1  2  3  4  5  6  7  8  9 10 |
---------------+-------------------------------+-----
Axes           | 3 4 5 7 8 10 11 | 11.4
Throwing       | 1 2 3 4 5 6 |  6.3
Armour         | 4 5 6 7 8 |  8.5
Fighting       | 4 5 6 7 8 |  8.5
Shields        | 4 5 6 7 8 |  8.6

Action                     |  1- 3 |  4- 6 |  7- 9 | 10-12 || total
---------------------------+-------+-------+-------+-------++-------
  Melee: War axe           |    85 |   153 |   187 |   104 ||   529
         Headbutt          |    13 |    11 |    35 |    20 ||    79
  Throw: Dart              |       |     4 |     1 |     1 ||     6
    Use: Scroll            |       |     5 |    15 |     6 ||    26
         Potion            |       |       |     1 |       ||     1
 Armour: Scale mail        |    32 |       |       |       ||    32
         Plate armour      |    32 |    58 |       |       ||    90
         Chain mail        |       |    44 |   218 |   104 ||   366
         Skin              |       |    20 |       |       ||    20
  Dodge: Dodged            |    44 |    46 |    96 |    39 ||   225
  Block: Buckler           |    18 |    26 |       |       ||    44
         Kite shield       |       |    67 |   163 |    76 ||   306

Table legend: (Time is in decaauts)
 A = Elapsed time spent in this place.
 B = Non-inter-level travel time spent in this place.
 C = Inter-level travel time spent in this place.
 D = Time resting spent in this place.
 E = Time spent auto-exploring this place.
 F = Levels seen in this place.
 G = Mean time per level.
                   A        B        C        D        E       F      G
               +--------+--------+--------+--------+--------+-----+--------+
         Total |   6627 |   6263 |    364 |      0 |   4161 |  10 |  662.7 |
       Dungeon |   6426 |   6082 |    344 |      0 |   3991 |   9 |  714.0 |
        Temple |    201 |    181 |     20 |      0 |    170 |   1 |  201.0 |
               +--------+--------+--------+--------+--------+-----+--------+

Top non-repeatable levels by time:
     D:1: 1114 daAuts
     D:8: 808 daAuts
     D:5: 781 daAuts
     D:7: 766 daAuts
     D:3: 764 daAuts
     D:2: 685 daAuts
     D:4: 603 daAuts
     D:6: 512 daAuts
     D:9: 389 daAuts
  Temple: 201 daAuts
